 Dungeon Crawl Stone Soup version 0.19-a0-1886-gd64a0f0 (webtiles) character file.

376 JeffiDaFish the Sneak (level 6, -1/46 HPs)
             Began as a Vampire Enchanter on Oct 16, 2016.
             Slain by an orc
             ... wielding a +0 falchion
              (3 damage)
             ... on level 4 of the Dungeon.
             The game lasted 00:15:43 (4384 turns).

JeffiDaFish the Sneak (Vampire Enchanter)           Turns: 4384, Time: 00:15:43

Health: -1/46      AC:  3    Str:  7 (9)  XL:     6   Next: 44%
Magic:  12/19      EV: 13    Int: 17 (18) God:
Gold:   196        SH:  0    Dex: 14      Spells: 4 memorised, 1 level left

rFire  + . .     SeeInvis +     h - -1 dagger (curse)
rCold  + . .     Gourm    .     b - +1 robe
rNeg   + + .     Faith    .     (no shield)
rPois  +         Spirit   .     (helmet restricted)
rElec  +         Dismiss  .     (no cloak)
rCorr  .         Reflect  .     (no gloves)
MR     .....     Harm     .     (no boots)
Stlth  ++++......               j - amulet of regeneration
                                (no ring)
                                e - ring of magical power

@: regenerating slowly, slowed, very slow
A: fangs 3, horns 1, see invisible, fire resistance 1, electricity resistance,
unbreathing
a: Bat Form


You were on level 4 of the Dungeon.
You were thirsty.

You visited 1 branch of the dungeon, and saw 4 of its levels.

You collected 196 gold pieces.

Inventory:

Hand Weapons
 a - a +2 dagger
 h - a cursed -1 dagger (weapon)
 l - a +2 dagger of protection
Missiles
 n - 5 poisoned tomahawks (quivered)
Armour
 b - a +1 robe (worn)
Jewellery
 e - a ring of magical power (left hand)
 j - an amulet of regeneration (around neck)
Scrolls
 i - 3 scrolls of teleportation
 k - 3 scrolls of identify
 m - a scroll of amnesia
Potions
 d - 25 potions of blood
 f - 2 potions of invisibility
 g - a potion of ambrosia
Books
 c - a book of Maledictions

   Spells                             Type                      Level
   a - Corona                         Hexes                        1
   b - Ensorcelled Hibernation        Hexes/Ice                    2
   c - Confuse                        Hexes                        3
   d - Tukima's Dance                 Hexes                        3
   e - Dazzling Spray                 Conjuration/Hexes            3


   Skills:
 * Level 2.4 Fighting
 + Level 2.6 Short Blades
 + Level 3.2 Dodging
 * Level 6.9 Stealth
 + Level 2.6 Spellcasting
 + Level 5.5 Hexes
 + Level 1.3 Ice Magic


You had one spell level left.
You knew the following spells:

 Your Spells              Type           Power        Failure   Level  Hunger
a - Corona                Hex            ###....      1%          1    #......
b - Ensorcelled Hibernat  Hex/Ice        ##....       10%         2    ##.....
c - Confuse               Hex            ###.....     8%          3    ###....
d - Dazzling Spray        Conj/Hex       ##....       21%         3    ###....


Dungeon Overview and Level Annotations

Branches:
Dungeon (4/15)
 Temple: D:4-7

Altars:
Ru
Sif Muna
Trog
Zin


Innate Abilities, Weirdness & Mutations

You heal slowly.
You have razor-sharp teeth.
You have supernaturally acute eyesight. (SInv)
You can survive without breathing.
You have a pair of small horns on your head.
Your flesh is heat resistant. (rF+)
You are resistant to electric shocks. (rElec)


Message History

* * * LOW HITPOINT WARNING * * *
The adder closely misses you.
The orc priest miscasts a cantrip.
The adder bites you.
* * * LOW HITPOINT WARNING * * *
The orc priest calls upon Beogh to heal the orc.
The orc's wounds heal themselves!
The adder bites you.
* * * LOW HITPOINT WARNING * * *
The orc wizard hits you with a dagger.
* * * LOW HITPOINT WARNING * * *
Your magical contamination has completely faded away.
The adder bites you.
* * * LOW HITPOINT WARNING * * *
The adder closely misses you.
The orc wizard mumbles some strange words.
The orc wizard blinks!
The orc barely misses you.
You feel less confused. The orc wizard misses you.
The adder bites you but does no damage. The orc hits you with a falchion.
You die...

. .>.................#.....#
....................#.....#
.....................#.....#
.###.....####...##############
# #.....####...####.##......#
.........................##
.......<............#
.........o........!.#
........@S..........#
........oo..........#
.##.......o.ยง......##
#.................#
#....##.####......# #.... #.#
##.....## #..... ... #.......#
##........ #......## ### #..
..... #.....)##....


You could see an orc priest, an orc wizard, an adder and 2 orcs.

Vanquished Creatures
  A centaur (D:3)
  The ghost of Xenthori the Cudgeler, a weakling GrMo (D:3)
  An orc priest (D:4)
  A hound (D:3)
  2 orc wizards
  4 adders (D:2)
  2 dart slugs
  3 leopard geckos
  19 orcs
  4 giant cockroaches
  7 goblins
  8 hobgoblins
  4 jackals (D:1)
  10 kobolds
  2 quokkas (D:2)
  2 ball pythons (D:3)
  8 bats
  2 frilled lizards (D:1)
  16 rats
97 creatures vanquished.

Vanquished Creatures (others)
  An orc (D:3)
1 creature vanquished.

Grand Total: 98 creatures vanquished

Notes
Turn   | Place    | Note
-------+----------+-------------------------------------------
     0 | D:1      | JeffiDaFish the Vampire Enchanter began the quest for the Orb.
     0 | D:1      | Reached XP level 1. HP: 13/13 MP: 3/3
    94 | D:1      | Reached XP level 2. HP: 9/19 MP: 5/5
   251 | D:1      | Learned a level 2 spell: Ensorcelled Hibernation
   284 | D:1      | Reached skill level 5 in Stealth
  1096 | D:2      | Reached XP level 3. HP: 7/25 MP: 6/6
  1100 | D:2      | Gained mutation: You are resistant to electric shocks. (rElec) [potion of mutation]
  1100 | D:2      | Gained mutation: You have a pair of small horns on your head. [potion of mutation]
  1100 | D:2      | Gained mutation: Your flesh is heat resistant. (rF+) [potion of mutation]
  2157 | D:2      | Reached skill level 1 in Fighting
  2157 | D:2      | Reached skill level 5 in Hexes
  2166 | D:2      | Found a deep blue altar of Sif Muna.
  2220 | D:2      | Reached XP level 4. HP: 23/32 MP: 7/7
  2489 | D:2      | Reached skill level 1 in Ice Magic
  2813 | D:3      | Found a glowing silver altar of Zin.
  2817 | D:3      | Found a bloodstained altar of Trog.
  3136 | D:3      | Noticed Xenthori's ghost (weakling GrMo)
  3147 | D:3      | Noticed a centaur
  3159 | D:3      | Killed a centaur
  3159 | D:3      | Reached skill level 6 in Stealth
  3159 | D:3      | Reached XP level 5. HP: 18/38 MP: 8/8
  3176 | D:3      | Learned a level 3 spell: Confuse
  3212 | D:3      | Learned a level 3 spell: Dazzling Spray
  3437 | D:3      | Killed Xenthori's ghost
  3652 | D:3      | Found a sacrificial altar of Ru.
  3724 | D:3      | Reached XP level 6. HP: 24/44 MP: 9/9
  4383 | D:4      | HP: 2/46 [adder (2)]
  4384 | D:4      | Slain by an orc

Vault maps used:
D:1:      erik_arrival_orb_chamber
D:2:      nicolae_overflow_hidden_temple, first_bread
D:3:      nicolae_ru_great_annihilating_truth,
          chequers_temple_overflow_statue_of_worship
D:4:      minmay_misc_feat_four_crosses, lemuel_old_faithful,
          uniq_blork_the_orc, uniq_menkaure, uniq_grinder

Skill      XL: |  1  2  3  4  5  6 |
---------------+-------------------+-----
Stealth        | 5 6 |  6.9
Fighting       | 1 2 |  2.4
Hexes          | 5 |  5.5
Ice Magic      | 1 |  1.3
Short Blades   | 2 |  2.6
Dodging        | 3 |  3.2
Spellcasting   | |  2.6

Action                   |  1- 3 |  4- 6 || total
-------------------------+-------+-------++-------
Melee: Dagger            |   144 |   284 ||   428
       Bite              |     9 |    27 ||    36
       Headbutt          |     6 |    35 ||    41
Throw: Tomahawk          |       |     1 ||     1
 Cast: Ensorcelled Hiber |     4 |    19 ||    23
       Confuse           |       |     9 ||     9
       Dazzling Spray    |       |     7 ||     7
  Use: Potion            |     7 |    15 ||    22
       Scroll            |     6 |     1 ||     7
 Stab: Sleeping          |    10 |    13 ||    23
       Confused          |       |     3 ||     3
       Paralysed         |       |     1 ||     1
       Distracted        |       |     1 ||     1
       Invisible         |       |     1 ||     1
Armor: Robe              |    22 |    59 ||    81
Dodge: Dodged            |    88 |   216 ||   304
